Map: Ephemeron LE

Players

Serral - Winner!

  • Race: Zerg Zerg
  • League: Master
  • Spawn Location: 5:00

Vanya

  • Race: Zerg Zerg
  • League: Master
  • Spawn Location: 11:00

VOD

Have the link to the VOD?

Description

Time

  • Played on: Jan. 14, 2020, 12:25 p.m.
  • Length: 3:12
Show
View Real Time Build Order
Export as new Build Order

Serral Zerg - Winner!

Build Orders: Hatch First 

Get SALT Encoding   

  12  0:00  Drone  
  13  0:12  Overlord  
  13  0:16  Drone  
  14  0:30  Drone x2  
  16  0:48  Hatchery  
  15  0:51  Drone  
  15  0:55  Drone  
  17  0:58  Drone  
  18  1:08  Extractor  
  17  1:13  Spawning Pool  
  17  1:16  Drone  
  17  1:20  Drone  
  18  1:27  Drone  
  19  2:00  Queen  
  21  2:01  Spine Crawler  
  21  2:02  Zergling x6  
  21  2:04  Spine Crawler  
  22  2:13  Zergling x2  
  22  2:14  Zergling x2  
  20  2:53  Zergling x2  
Show
View Real Time Build Order
Export as new Build Order

Vanya Zerg 

Build Orders: Pool Only 

Get SALT Encoding   

  12  0:18  Spawning Pool  
  11  0:21  Drone  
  11  0:26  Drone  
  13  0:30  Drone  
  14  0:39  Overlord  
  14  1:05  Zergling x6  
  17  1:18  Zergling x2  
  18  1:27  Zergling x2  
  19  1:37  Zergling x2  
  20  1:48  Zergling x2  
  21  1:58  Spine Crawler  
  21  1:59  Spine Crawler  
  19  2:06  Zergling x2  
  16  2:43  Zergling x2  
Tags
 
Add a new tag
Caveats
  • Supply blocks, unpowered buildings, or Contaminate may cause inaccurate times.
  • Supply counts are checked every 10 seconds.